 Dungeon Crawl Stone Soup version 0.21.1-1-g345015f (webtiles) character file.

77 Supreme the Chiller (level 4, -1/30 HPs)
             Began as a Merfolk Ice Elementalist on Apr 11, 2018.
             Killed by divine providence
             ... invoked by an orc priest
              (12 damage)
             ... on level 3 of the Dungeon.
             The game lasted 00:17:33 (1610 turns).

Supreme the Chiller (Merfolk Ice Elementalist)      Turns: 1610, Time: 00:17:33

Health: -1/30      AC:  2    Str:  8    XL:     4   Next: 34%
Magic:  1/7        EV: 13    Int: 14    God:
Gold:   137        SH:  0    Dex: 15    Spells: 2/8 levels left

rFire    . . .     SeeInvis .   e - +0 short sword
rCold    . . .     Gourm    .   (no shield)
rNeg     . . .     Faith    .   a - +0 robe
rPois    .         Spirit   .   (no helmet)
rElec    .         Reflect  .   (no cloak)
rCorr    .         Harm     .   (no gloves)
MR       .....                  (no boots)
Stlth    ++........             (no amulet)
HPRegen  0.10/turn              (no ring)
MPRegen  0.10/turn              (no ring)

@: no status effects
A: change form in water, swift swim, stealthy swim
a: no special abilities


You were on level 3 of the Dungeon.
You were not hungry.

You visited 1 branch of the dungeon, and saw 4 of its levels.

You collected 137 gold pieces.

Inventory:

Hand Weapons
 e - a +0 short sword (weapon)
Missiles
 f - 22 arrows
 q - 14 poisoned needles
Armour
 a - a +0 robe (worn)
 n - a +0 leather armour
Scrolls
 d - 3 scrolls of identify {unknown}
 i - 5 scrolls of teleportation {unknown}
 l - a scroll of magic mapping {unknown}
 m - 2 scrolls of remove curse
 p - a scroll of immolation {unknown}
 s - a scroll of fog {unknown}
Potions
 g - a potion of heal wounds {unknown}
 h - 3 potions of curing {unknown}
 j - a potion of brilliance {unknown}
 k - a potion of ambrosia {unknown}
 o - 2 potions of resistance {unknown}
Books
 b - a book of Frost

   Spells                             Type                      Level
   a - Freeze                         Ice                          1
   b - Throw Frost                    Conjuration/Ice              2
   c - Ozocubu's Armour               Charms/Ice                   3
   d - Throw Icicle                   Conjuration/Ice              4
   e - Summon Ice Beast               Ice/Summoning                4
Comestibles
 c - a ration
 r - 12 chunks of flesh


   Skills:
 + Level 2.8 Dodging
 + Level 2.9 Stealth
 + Level 2.6 Spellcasting
 + Level 0.7 Conjurations
 + Level 4.6 Ice Magic


You had 2 spell levels left.
You knew the following spells:

 Your Spells              Type           Power        Failure   Level  Hunger
a - Freeze                Ice            ##..         3%          1    #......
b - Throw Frost           Conj/Ice       #.....       11%         2    ###....
c - Ozocubu's Armour      Chrm/Ice       #.......     26%         3    ###....


Dungeon Overview and Level Annotations

Branches:
Dungeon (4/15)
 Temple: D:4-7

Altars:
Cheibriados

Annotations:
D:2 Natasha


Message History

Casting: Freeze
Confirm with . or Enter, or press ? or * to list all spells.
Aiming: Freeze
Press: ? - help, Shift-Dir - straight line, f - giant cockroach
Aim: a giant cockroach (clinging)
You freeze the giant cockroach.
You kill the giant cockroach!
An orc priest comes into view.
The orc priest shouts!
The orc priest hits you.
Casting: Freeze
Confirm with . or Enter, or press ? or * to list all spells.
Aiming: Freeze
Press: ? - help, Shift-Dir - straight line, f - orc priest
Aim: an orc priest You freeze the orc priest.
The orc priest is moderately wounded.
The orc priest calls down the wrath of Beogh upon you.
Beogh smites you!
You die...

#.# #....# #.# ##....
#.#.##... #.#.##..# #.
#. #>..##..# ..
#.######.####..####.#
#.##...............$###
#.##.###..###...o......
#.##.# #..# #..@#.#.#..
#.##.# #..# #...#.# #
##.##.###..#.......#
#.....)....#..........
...##.####.#............
...##.# #.###...#.#.#.#
..<##.# ......#.# #
##.##.# ........ #
#.##.. ##......##


You could see an orc priest.

Vanquished Creatures
  2 adders
  An ooze (D:1)
  3 leopard geckos
  2 orcs (D:3)
  3 giant cockroaches
  6 hobgoblins
  A quokka (D:2)
  4 ball pythons (D:1)
  5 bats
  9 frilled lizards
  2 goblins (D:1)
  5 kobolds
  9 rats
52 creatures vanquished.

Notes
Turn   | Place    | Note
-------+----------+-------------------------------------------
     0 | D:1      | Supreme the Merfolk Ice Elementalist began the quest for the Orb.
     0 | D:1      | Reached XP level 1. HP: 13/13 MP: 3/3
   116 | D:1      | Reached XP level 2. HP: 12/19 MP: 3/5
   128 | D:1      | Learned a level 2 spell: Throw Frost
   141 | D:2      | Noticed Natasha
   223 | D:1      | Reached skill level 4 in Ice Magic
   355 | D:1      | Found a snail-covered altar of Cheibriados.
   362 | D:1      | Reached XP level 3. HP: 13/24 MP: 0/6
  1173 | D:2      | Learned a level 3 spell: Ozocubu's Armour
  1334 | D:2      | Reached XP level 4. HP: 30/30 MP: 4/7
  1610 | D:3      | Killed from afar by an orc priest

Skill      XL: |  1  2 |
---------------+-------+-----
Ice Magic      | 4 |  4.6
Dodging        | |  2.8
Stealth        | |  2.9
Spellcasting   | |  2.6
Conjurations   | |  0.7

Action                   |  1- 3 |  4- 6 || total
-------------------------+-------+-------++-------
Melee: Unarmed           |     5 |       ||     5
       Short sword       |    15 |     2 ||    17
 Cast: Freeze            |    44 |    22 ||    66
       Throw Frost       |     7 |     3 ||    10
  Use: Scroll            |     1 |       ||     1
 Stab: Sleeping          |    11 |       ||    11
  Eat: Chunk             |     3 |     1 ||     4
Armor: Robe              |     6 |     1 ||     7
Dodge: Dodged            |    37 |     9 ||    46
